 Dungeon Crawl Stone Soup version 0.28-a0-863-g8cecda6153 (webtiles) character file.

Game seed: 14775089180308886823

363 porpoise the Magician (level 6, -1/32 HPs)
             Began as a Deep Elf Conjurer on Nov 18, 2021.
             Slain by an orc warrior (16 damage)
             ... on level 4 of the Dungeon.
             The game lasted 00:12:09 (4564 turns).

porpoise the Magician (Deep Elf Conjurer)           Turns: 4564, Time: 00:12:10

Health: -1/32      AC:  5    Str:  5    XL:     6   Next: 39%
Magic:  6/17       EV: 12    Int: 24    God:
Gold:   149        SH:  0    Dex: 13    Spells: 7/18 levels left

rFire   . . .      SeeInvis .   a - +1 dagger (elec)
rCold   . . .      Faith    .   (no shield)
rNeg    . . .      Spirit   .   b - +0 robe
rPois   .          Reflect  .   f - +2 hat
rElec   .          Harm     .   i - +0 cloak
rCorr   .          Rampage  .   (no gloves)
Will    +....                   (no boots)
Stlth   ++........              (no amulet)
HPRegen 0.10/turn               p - ring of willpower
MPRegen 0.15/turn               (no ring)

@: no status effects
A: no striking features
a: no special abilities


You were on level 4 of the Dungeon.
You visited 1 branch of the dungeon, and saw 4 of its levels.

You collected 149 gold pieces.

Inventory:

Hand Weapons
 a - a +1 dagger of electrocution (weapon)
 m - a +1 hand axe of draining
Missiles
 h - 146 stones
 n - 4 curare-tipped darts
 q - 24 poisoned darts (quivered)
 r - 6 boomerangs
Armour
 b - a +0 robe (worn)
 f - a +2 hat (worn)
 i - a +0 cloak (worn)
Jewellery
 j - a ring of fire
 p - a ring of willpower (left hand)
 u - a ring of fire
Scrolls
 c - a scroll of enchant weapon {unknown}
 e - a scroll of immolation {unknown}
 s - a scroll of blinking
Potions
 d - a potion of invisibility
 o - 2 potions of lignification {unknown}
 t - 2 potions of curing


   Skills:
 - Level 2.4 Dodging
 - Level 2.4 Stealth
 + Level 6.7 Spellcasting
 - Level 5.5 Conjurations
 + Level 4.3 Hexes


You had 7 spell levels left.
You knew the following spells:

 Your Spells              Type           Power      Damage    Failure   Level
a - Magic Dart            Conj           100%       1d8       1%          1
b - Searing Ray           Conj           68%        2d6       1%          2
c - Fulminant Prism       Conj/Hex       15%        3d11      10%         4
d - Iskenderun's Mystic   Conj/Tloc      21%        2d6       24%         4

Your spell library contained the following spells:

 Spells                   Type           Power      Damage    Failure   Level
 Dazzling Flash           Conj/Hex       62%        N/A       3%          3
 Passwall                 Tmut/Erth      6%         N/A       11%         2
 Swiftness                Air            8%         N/A       22%         3


Dungeon Overview and Level Annotations

Branches:
Dungeon (4/15)
 Temple: D:4-7

Altars:

Shops:
D:3 [

Annotations:
D:3 exclusion: downstairs


Message History

You finish channelling your searing ray.
The orc warrior closely misses you.
Casting: Searing Ray (safe; 1% risk of failure)
Confirm with . or Enter, or press ? or * to list all spells.
Aiming: Searing Ray (safe; 1% risk of failure)
Press: ? - help, Shift-Dir - straight line, f/p - orc warrior
Aim: an orc warrior, wielding a +0 glaive and wearing a +0 plate armour (heavily wounded, 81% to hit)
The searing ray hits the orc warrior but does no damage.
The orc warrior is heavily wounded.
The searing ray hits the orc wizard but does no damage.
The orc wizard is severely wounded. (Press . to maintain the ray.)
The orc warrior hits you from afar with a +0 glaive!
The searing ray hits the orc warrior.
The orc warrior is heavily wounded.
The searing ray misses the orc wizard.
The orc warrior barely misses you.
The orc wizard mumbles some strange words.
The orc wizard flickers and vanishes!
Deactivating autopickup; reactivate with Ctrl-A.
The searing ray hits the orc warrior.
The orc warrior is heavily wounded.
The orc warrior hits you from afar with a +0 glaive.
The searing ray hits the orc warrior but does no damage.
The orc warrior is heavily wounded.
The searing ray hits something!
Reactivating autopickup.
You feel a bit more experienced.
You finish channelling your searing ray.
The orc warrior barely misses you.
Casting: Searing Ray (safe; 1% risk of failure)
Confirm with . or Enter, or press ? or * to list all spells.
Aiming: Searing Ray (safe; 1% risk of failure)
Press: ? - help, Shift-Dir - straight line, f/p - orc warrior
Aim: an orc warrior, wielding a +0 glaive and wearing a +0 plate armour (heavily wounded, 81% to hit)
The searing ray hits the orc warrior but does no damage.
The orc warrior is heavily wounded. (Press . to maintain the ray.)
The orc warrior hits you from afar with a +0 glaive!
Ouch! That really hurt!
You die...

.# .## .#. .. .##.. .#
.#.... ##.# .........
#.##..######
.........####.##@##....#
...........##.##)##....#
...........##.##o##....#
........#..##.##)##....##..#
..........>.#.#.)##..oo...#
..............#.###..##...#
................###.## .o#
...........##.......##


oo# ...###.............g.# ... You could see an orc warrior.

Vanquished Creatures
  An ogre (D:4)
  A hound (D:4)
  A gnoll shaman (D:4)
  An orc wizard (D:4)
  Robin (D:2)
  3 adders
  5 gnolls (D:4)
  An ufetubus (D:4)
  2 worms
  3 dart slugs
  3 orcs
  4 endoplasms
  3 giant cockroaches
  19 goblins
  10 hobgoblins
  3 jackals (D:2)
  3 quokkas
  8 ball pythons
  9 bats
  2 frilled lizards
  8 kobolds
  5 rats
96 creatures vanquished.

Vanquished Creatures (others)
  2 demonic plants (D:1)
2 creatures vanquished.

Grand Total: 98 creatures vanquished

Notes
Turn   | Place    | Note
-------+----------+-------------------------------------------
     0 | D:1      | porpoise the Deep Elf Conjurer began the quest for the Orb.
     0 | D:1      | Reached XP level 1. HP: 10/10 MP: 6/6
   537 | D:1      | Reached XP level 2. HP: 15/15 MP: 4/8
   575 | D:1      | Learned a level 2 spell: Searing Ray
   961 | D:1      | Reached skill level 4 in Spellcasting
  1014 | D:1      | Found a faded altar of an unknown god.
  1056 | D:1      | Reached XP level 3. HP: 19/19 MP: 4/10
  1120 | D:1      | Reached skill level 5 in Conjurations
  1932 | D:2      | Noticed Robin
  2177 | D:2      | Killed Robin
  2178 | D:2      | Reached XP level 4. HP: 24/24 MP: 7/12
  2497 | D:2      | Reached skill level 5 in Spellcasting
  2577 | D:2      | Learned a level 4 spell: Fulminant Prism
  2582 | D:2      | Learned a level 4 spell: Iskenderun's Mystic Blast
  2915 | D:3      | Reached skill level 1 in Hexes
  3126 | D:3      | Found Plog's Armour Emporium.
  3709 | D:4      | Reached XP level 5. HP: 25/28 MP: 10/15
  3841 | D:4      | Noticed an ogre
  3849 | D:4      | Killed an ogre
  3850 | D:4      | Reached skill level 6 in Spellcasting
  4025 | D:4      | Reached XP level 6. HP: 32/32 MP: 11/17
  4545 | D:4      | Noticed an orc warrior
  4564 | D:4      | Slain by an orc warrior

Illustrated notes

Levels and vault maps discovered:
D:1:      dpeg_arrival_brainrot, layout_rooms,
          dreamdust_ecumenical_altar_sealed_demon
D:2:      layout_basic, uniq_robin
D:3:      layout_basic, serial_shops, shop_fountains, minmay_starry_boxes
D:4:      layout_rooms, serial_shops, nicolae_shop_overgrown_old_shop

Skill      XL: |  1  2  3  4  5  6 |
---------------+-------------------+-----
Spellcasting   | 4 5 6 |  6.7
Conjurations   | 5 |  5.5
Hexes          | 2 3 4 |  4.3
Dodging        | |  2.4
Stealth        | |  2.4

Action                   |  1- 3 |  4- 6 || total
-------------------------+-------+-------++-------
Melee: Hand axe          |     2 |     1 ||     3
Throw: Dart              |       |    15 ||    15
 Cast: Magic Dart        |    72 |    47 ||   119
       Searing Ray       |     6 |    18 ||    24
  Use: Scroll            |       |     4 ||     4
Armor: Robe              |     4 |     3 ||     7
Dodge: Dodged            |     8 |     9 ||    17

Table legend: (Time is in decaauts)
 A = Elapsed time spent in this place.
 B = Non-inter-level travel time spent in this place.
 C = Inter-level travel time spent in this place.
 D = Time resting spent in this place.
 E = Time spent auto-exploring this place.
 F = Levels seen in this place.
 G = Mean time per level.
                   A        B        C        D        E       F      G
               +--------+--------+--------+--------+--------+-----+--------+
         Total |   4565 |   4430 |    135 |   2204 |   1616 |   4 | 1141.2 |
       Dungeon |   4565 |   4430 |    135 |   2204 |   1616 |   4 | 1141.2 |
               +--------+--------+--------+--------+--------+-----+--------+

Top non-repeatable levels by time:
     D:1: 1683 daAuts
     D:2: 1180 daAuts
     D:3: 951 daAuts
     D:4: 749 daAuts
